 Dungeon Crawl Stone Soup version 0.31-a0-1082-g7d1fb77 (webtiles) character file.

Game seed: 14757376317706078976

9431 GentlemanToast the Grappler (level 11, -10/100 (105) HPs)
             Began as a Troll Shapeshifter on Nov 27, 2023.
             Was a High Priest of Ru.
             Mangled by a death yak (20 damage)
             ... on level 10 of the Dungeon.
             The game lasted 01:05:22 (8954 turns).

GentlemanToast the Grappler (Troll Shapeshifter)    Turns: 8954, Time: 01:05:22

HP:   -10/100 (105) AC: 10    Str: 26    XL:     11   Next: 22%
MP:   25/25         EV: 11    Int:  6    God:    Ru [*****.]
Gold: 430           SH:  0    Dex: 11    Spells: 10/10 levels left

rFire   . .          .
                       - Unarmed
rCold   . . .        (shield unavailable)
rNeg    . . .        a - +2 animal skin
rPois   .            (helmet currently unavailable)
rElec   .            A - melded scarf {repulsion}
rCorr   .            (gloves unavailable)
SInv    .            (boots unavailable)
Will    .....        y
                       - Hermit's Pendant {Faith Invo=14 Evo=0 MP+5} Stlth
                     (ring unavailable)
HPRegen 1.16/turn    s - +4 ring of protection
MPRegen 0.19/turn

%: faith
@: exhausted, beast-form, lightly drained
A: beast (slay +4), large, unfitting armour, claws 3, regeneration 1, shaggy fur
1, tough skin 1, missing a hand, no stealth, inability to use devices
a: Begin Untransformation, Renounce Religion, Draw Out Power, Power Leap,
Apocalypse


You were on level 10 of the Dungeon.
You worshipped Ru.
Ru was extremely pleased with you.
You were a hulking beast.
You visited 2 branches of the dungeon, and saw 11 of its levels.
You also visited: Sewer.

You collected 430 gold pieces.

Inventory:

Missiles
 p - a throwing net
Armour
 a - a +2 animal skin (worn)
 e - a +0 plate armour
 f - a +0 leather armour of willpower
 q - a +2 pair of gloves
 A - a scarf of repulsion (melded)
Jewellery
 s - a +4 ring of protection (right claw)
 w - a +6 ring of dexterity
 y - the Hermit's Pendant (around neck) {Faith Invo=14 Evo=0 MP+5}
   (You acquired it on level 6 of the Dungeon)

   [amulet of faith]

   Invo=14: It sets your Invocations skill to 14.
   Evo=0: It sets your Evocations skill to 0.
   Faith:     It allows you to gain divine favour quickly.
   MP+5:      It affects your magic capacity (+5).
 F - a ring of poison resistance
 H - a +6 ring of dexterity
Talismans
 c - a beast talisman (active)
 d - a flux talisman
Wands
 j - a wand of polymorph (8)
 k - a wand of charming (8)
 z - a wand of iceblast (5)
Scrolls
 g - 3 scrolls of vulnerability
 i - 12 scrolls of identify
 l - 2 scrolls of amnesia
 r - 2 scrolls of teleportation
 v - 2 scrolls of fog
 x - a scroll of enchant weapon
 D - 2 scrolls of revelation {unknown}
 E - a scroll of torment
 J - a scroll of immolation {unknown}
Potions
 b - a potion of lignification
 h - 3 potions of haste {unknown}
 m - a potion of invisibility {unknown}
 n - 2 potions of curing {unknown}
 o - 3 potions of heal wounds {unknown}
 t - 2 potions of enlightenment {unknown}
 u - a potion of degeneration {unknown}
 B - a potion of might {unknown}
 G - a potion of mutation {unknown}
 I - a potion of magic {unknown}


   Skills:
 + Level 6.2 Fighting
 + Level 6.6 Dodging
 * Level 11.8 Unarmed Combat
 + Level 8.1 Shapeshifting


You had 10 spell levels left.
You didn't know any spells.
Your spell library contained the following spells:

 Spells                   Type           Power      Damage    Failure   Level
 Blink                    Tloc           0%         N/A       58%         2
 Cigotuvi's Dreadful Rot  Necr/Pois/Air  0%         N/A       58%         2
 Lesser Beckoning         Tloc           0%         N/A       58%         2
 Momentum Strike          Conj/Tloc      0%         3d8       58%         2
 Ignite Poison            Fire/Tmut/Pois 0%         N/A       83%         3
 Ozocubu's Armour         Ice            0%         N/A       83%         3
 Olgreb's Toxic Radiance  Pois           0%         N/A       99%         4
 Freezing Cloud           Conj/Ice/Air   0%         6-21      100%        5
 Metabolic Englaciation   Hex/Ice        0%         N/A       100%        5
 Summon Forest            Summ/Tloc      0%         N/A       100%        5
 Simulacrum               Ice/Necr       0%         N/A       100%        6
 Summon Cactus Giant      Summ           0%         N/A       100%        6
 Discord                  Hex            0%         N/A       100%        8
 Ignition                 Fire           0%         3d3       100%        8


Dungeon Overview and Level Annotations

Branches:
Dungeon (10/15)            Temple (1/1) D:4            Lair (0/5) D:10
  Sewer (visited)
    Orc: D:9-12

Altars:
Ashenzari
Cheibriados
Elyvilon
Fedhas
Gozag
Hepliaklqana
Kikubaaqudgha
Makhleb
Nemelex Xobeh
Qazlal
Ru
Sif Muna
Trog
Wu Jian
Xom
Yredelemnul
Zin
The Shining One

Annotations:
D:8 3 runed translucent doors, Speno's ghost, novice OpMo


Innate Abilities, Weirdness & Mutations

You are a hulking beast.
Your limbs bulge with bestial killing power. (Slay +4)
You are too large for most types of armour.
You have claws for hands.
Your natural rate of healing is unusually fast.
You are covered in fur. (AC +1)
You have tough skin. (AC +1)
You are missing a hand.
You cannot be stealthy.
You cannot study or use magical devices.


Message History

You are too injured to fight recklessly!
You are too injured to fight recklessly!
You are too injured to fight recklessly!
You are too injured to fight recklessly!
You are too injured to fight recklessly!
You are too injured to fight recklessly!
You are restored by drawing out deep reserves of power within.
You feel drained.
The death yak is stunned by your conviction and fails to attack.
The death yak gores you.
You focus your inner power and illuminate the death yak in retribution!
The death yak gores you!
You barely miss the death yak.
The death yak is heavily wounded.
The death yak gores you!
You focus your inner power and blind the death yak in retribution!
The death yak misses you. x2
You mangle the death yak!!
The death yak is severely wounded.
You scratch the death yak.
The death yak is lightly wounded.
The death yak gores you!
The death yak is stunned by your conviction and fails to attack.
The death yak gores you!
You scratch the death yak.
The death yak is lightly wounded.
The death yak gores you!
* * * LOW HITPOINT WARNING * * *
The death yak gores you!
* * * LOW HITPOINT WARNING * * *
You scratch the death yak.
The death yak is lightly wounded.
The death yak gores you.
* * * LOW HITPOINT WARNING * * *
The death yak barely misses you. The death yak gores you!
* * * LOW HITPOINT WARNING * * *
You completely miss the death yak.
The death yak is lightly wounded.
The death yak gores you!!
You die...

#####..(......#
...##.........# ..
...##.........# ## #..
.<.##.........# .. ....
...#..........+ .##....
...#..........# .......
..............## .......
...#######'##..##Y..#..>
#### #.###..hYY..... #.#
####Y...... #.. .......
### ......? ####... .. .


You could see 4 death yaks.

Vanquished Creatures
  A two-headed ogre (D:10)
  A death yak (D:10)
  The ghost of Kave the Ruffian, a novice TrSh of Sif Muna (D:6)
  A kobold demonologist (D:8)
  A troll (D:9)
  Grinder (D:3)
  A wraith (D:7)
  A vampire (D:9)
  5 yaks (D:9)
  A steam dragon (D:7)
  2 vampire mosquitoes (D:10)
  2 acid dragons
  2 ice beasts (D:6)
  5 orc warriors
  3 black bears
  An ogre (D:3)
  6 centaurs
  2 phantoms
  11 kobold brigands
  2 bullfrogs
  2 gnoll sergeants
  3 scorpions
  8 wights
  19 killer bees
  4 howler monkeys
  4 quasits (D:6)
  2 jellies
  6 hounds
  A gnoll bouda (D:8)
  2 orc priests
  Terence (D:2)
  3 scorpion zombies (D:8)
  A sleepcap (D:4)
  5 iguanas
  Ijyb (D:3)
  5 orc wizards
  Robin (D:3)
  17 gnolls
  A howler monkey skeleton (D:8)
  2 river rats (Sewer)
  19 adders
  2 shadow imps (D:8)
  A white imp (D:8)
  3 dart slugs
  27 orcs
  5 bats
  3 endoplasms
  6 giant cockroaches
  14 goblins
  7 hobgoblins
  5 jackals (Sewer)
  29 kobolds
  2 quokkas
  14 ball pythons
  8 frilled lizards
  12 kobold skeletons (D:8)
  6 kobold zombies (D:8)
  2 rats (Sewer)
303 creatures vanquished.

Vanquished Creatures (others)
  A centaur (D:8)
1 creature vanquished.

Grand Total: 304 creatures vanquished

Notes
Turn   | Place    | Note
-------+----------+-------------------------------------------
     0 | D:1      | GentlemanToast the Troll Shapeshifter began the quest for
                  | the Orb.
     0 | D:1      | Reached XP level 1. HP: 18/18 MP: 0/0
   294 | D:1      | Reached XP level 2. HP: 21/26 MP: 1/1
   906 | D:2      | Found a faded altar of an unknown god.
   946 | D:2      | Prayed at the altar of an unknown god.
   946 | D:2      | Became a worshipper of Ru the Awakened
   975 | D:2      | Gained mutation: You are missing a hand. [Ru sacrifice]
   975 | D:2      | Reached * piety under Ru
   975 | D:2      | Reached ** piety under Ru
   975 | D:2      | Reached *** piety under Ru
  1081 | D:2      | Noticed Terence
  1097 | D:2      | Killed Terence
  1098 | D:2      | Reached XP level 3. HP: 23/32 MP: 2/2
  1341 | D:2      | Reached skill level 4 in Unarmed Combat
  1341 | D:2      | Reached XP level 4. HP: 40/40 MP: 3/3
  2007 | D:3      | Noticed Grinder
  2014 | D:3      | Killed Grinder
  2015 | D:3      | Reached skill level 1 in Fighting
  2015 | D:3      | Reached skill level 5 in Unarmed Combat
  2015 | D:3      | Reached XP level 5. HP: 40/48 MP: 4/4
  2015 | D:3      | Reached XP level 6. HP: 46/55 MP: 5/5
  2269 | D:3      | Noticed Robin
  2276 | D:3      | Killed Robin
  2436 | D:3      | Noticed Ijyb
  2459 | D:3      | Killed Ijyb
  2681 | D:3      | Reached XP level 7. HP: 59/62 MP: 6/6
  2942 | D:4      | Reached skill level 6 in Unarmed Combat
  2992 | D:4      | Found a staircase to the Ecumenical Temple.
  3030 | Temple   | Entered the Ecumenical Temple
  3170 | D:4      | Found a burning altar of Makhleb.
  3172 | D:4      | Found a white marble altar of Elyvilon.
  3173 | D:4      | Found a bloodstained altar of Trog.
  3591 | D:5      | Entered Level 5 of the Dungeon
  3627 | D:5      | Reached skill level 5 in Shapeshifting
  3671 | D:5      | Gained mutation: You cannot be stealthy. [Ru sacrifice]
  3732 | D:5      | Reached XP level 8. HP: 70/74 MP: 7/7
  3808 | D:5      | Reached skill level 7 in Unarmed Combat
  4094 | D:5      | Got the Discursus on Dislocated Bringing Forth
  4676 | D:6      | Reached skill level 8 in Unarmed Combat
  4712 | D:6      | Found a transporter.
  4716 | D:6      | Noticed Kave's ghost (novice TrSh)
  4736 | D:6      | Killed Kave's ghost
  4737 | D:6      | Reached XP level 9. HP: 34/84 MP: 8/8
  4738 | D:6      | Found a transporter.
  4868 | D:6      | Reached skill level 9 in Unarmed Combat
  5048 | D:6      | Found a glowing drain.
  5058 | Sewer    | Entered a sewer
  5427 | Sewer    | Gained mutation: You cannot study or use magical devices.
                  | [Ru sacrifice]
  5427 | Sewer    | Reached **** piety under Ru
  5427 | Sewer    | Reached ***** piety under Ru
  5675 | D:6      | Identified a scroll of acquirement
  5675 | D:6      | Acquired the Hermit's Pendant {Faith Invo=14 Evo=0 MP+5}
  5675 | D:6      | Found the Hermit's Pendant {Faith Invo=14 Evo=0 MP+5}
  5788 | D:6      | Reached skill level 5 in Dodging
  6077 | D:7      | Found a basalt altar of Yredelemnul.
  6895 | D:8      | Reached XP level 10. HP: 82/94 MP: 19/19
  7009 | D:8      | Reached skill level 10 in Unarmed Combat
  7096 | D:8      | Reached skill level 5 in Fighting
  7262 | D:8      | Found an ancient bone altar of Kikubaaqudgha.
  7676 | D:8      | Found a runed translucent gate.
  7677 | D:8      | Found a runed translucent gate.
  7678 | D:8      | Found a runed translucent gate.
  7678 | D:8      | Noticed a nine-headed hydra
  7928 | D:8      | Noticed Speno's ghost (novice OpMo)
  8209 | D:9      | Reached skill level 11 in Unarmed Combat
  8619 | D:9      | Reached XP level 11. HP: 102/105 MP: 20/20
  8742 | D:10     | Entered Level 10 of the Dungeon
  8742 | D:10     | Noticed a two-headed ogre
  8751 | D:10     | Killed a two-headed ogre
  8812 | D:10     | HP: 2/105 [vampire mosquito (8)]
  8820 | D:10     | HP: 5/105 [vampire mosquito (7)]
  8821 | D:10     | HP: 1/105 [vampire mosquito (5)]
  8932 | D:10     | Noticed a death yak
  8933 | D:10     | Noticed a death yak
  8935 | D:10     | Found a staircase to the Lair.
  8937 | D:10     | Noticed a death yak
  8938 | D:10     | Noticed a death yak
  8939 | D:10     | Noticed a death yak
  8944 | D:10     | Killed a death yak
  8954 | D:10     | Mangled by a death yak

Illustrated notes

Levels and vault maps discovered:
D:1:      sevenhm_arrival_forest_fort_large_3, layout_basic,
          minmay_misc_feat_iff
D:2:      layout_loops_corners, shapermc_ecumenical_altar_notcrosses,
          amcnicky_mini_corridor_feature, nicolae_figureground_sparkle,
          uniq_terence
D:3:      layout_loops_ring, uniq_robin, uniq_ijyb, uniq_grinder
D:4:      minmay_chambers_of_threes, layout_rooms,
          chequers_temple_overflow_statue_of_worship, temple_fountains
D:5:      layout_gridville
D:6:      minmay_clustersquares, layout_basic, cheibrodos_sewer_entry_drain,
          gammafunk_ghost_stat_death, kennysheep_generic_room_5
D:7:      layout_basic, amcnicky_altar_gilded
D:8:      wander_kiku_kobolds, layout_cave_pods,
          mainiacjoe_ossuary_entry_find_the_door, gammafunk_ghost_hydra_chop
D:9:      layout_roguey
D:10:     layout_roguey, nicolae_overflow_macrodata_refinement,
          dpeg_lair_monsters
Temple:   eino_temple_water

Skill      XL: |  1  2  3  4  5  6  7  8  9 10 11 |
---------------+----------------------------------+-----
Unarmed Combat | 4 5 6 8 9 11 | 11.8
Fighting       | 1 2 3 4 5 6 |  6.2
Dodging        | 2 3 4 5 6 |  6.6
Shapeshifting  | 4 5 6 7 8 |  8.1

Action                     |  1- 3 |  4- 6 |  7- 9 | 10-12 || total
---------------------------+-------+-------+-------+-------++-------
  Melee: Unarmed           |    55 |    92 |   344 |   292 ||   783
 Invoke: Sacrifice a Hand  |     1 |       |       |       ||     1
         Draw Out Power    |       |     1 |     3 |     5 ||     9
         Sacrifice Stealth |       |       |     1 |       ||     1
         Apocalypse        |       |       |     1 |       ||     1
         Sacrifice Artific |       |       |     1 |       ||     1
         Power Leap        |       |       |       |     2 ||     2
         Reject Sacrifices |       |       |       |     1 ||     1
Ability: Begin Untransform |       |       |     1 |       ||     1
    Use: Scroll            |     1 |     7 |     7 |     2 ||    17
   Stab: Invisible         |       |     1 |     1 |     2 ||     4
         Sleeping          |       |       |     1 |       ||     1
         Paralysed         |       |       |     2 |     7 ||     9
         Distracted        |       |       |     1 |     1 ||     2
 Armour: Animal skin       |    32 |    57 |   390 |   289 ||   768
  Dodge: Dodged            |    29 |    42 |   283 |   206 ||   560
   Form: Beast             |       |       |     1 |       ||     1

Table legend: (Time is in decaauts)
 A = Elapsed time spent in this place.
 B = Non-inter-level travel time spent in this place.
 C = Inter-level travel time spent in this place.
 D = Time resting spent in this place.
 E = Time spent auto-exploring this place.
 F = Levels seen in this place.
 G = Mean time per level.
                   A        B        C        D        E       F      G
               +--------+--------+--------+--------+--------+-----+--------+
         Total |   8829 |   8332 |    497 |      0 |   5357 |  12 |  735.8 |
       Dungeon |   8164 |   7667 |    497 |      0 |   4946 |  10 |  816.4 |
        Temple |     71 |     71 |      0 |      0 |      0 |   1 |   71.0 |
         Sewer |    593 |    593 |      0 |      0 |    411 |   1 |  593.0 |
               +--------+--------+--------+--------+--------+-----+--------+

Top non-repeatable levels by time:
     D:8: 1283 daAuts
     D:2: 1202 daAuts
     D:5: 937 daAuts
     D:3: 893 daAuts
     D:6: 872 daAuts
     D:7: 836 daAuts
     D:1: 799 daAuts
     D:4: 602 daAuts
   Sewer: 593 daAuts
     D:9: 534 daAuts
    D:10: 202 daAuts
  Temple: 71 daAuts
